 Dungeon Crawl Stone Soup version 0.25-a0-492-g44cc58d149 (webtiles) character file.

Game seed: 7398621353979348472, levelgen mode: deterministic

1408 kae the Slicer (level 9, -2/45 HPs)
             Began as a Kobold Enchanter on Feb 11, 2020.
             Succumbed to Duvessa's poison
             ... on level 5 of the Dungeon.
             The game lasted 00:10:47 (9324 turns).

kae the Slicer (Kobold Enchanter)                   Turns: 9324, Time: 00:10:48

Health: -2/45      AC:  2    Str:  5    XL:     9   Next: 1%
Magic:  3/13       EV: 15    Int: 17    God:
Gold:   315        SH:  0    Dex: 18    Spells: 8/14 levels left

rFire    . . .     SeeInvis .   l - +2 dagger (freeze)
rCold    . . .     Gourm    .   (shield restricted)
rNeg     . . .     Faith    .   b - +0 robe
rPois    .         Spirit   .   (no helmet)
rElec    .         Reflect  .   (no cloak)
rCorr    +         Harm     .   (no gloves)
MR       .....                  (no boots)
Stlth    +++.......             (no amulet)
HPRegen  0.15/turn              e - ring of resist corrosion
MPRegen  0.13/turn              (no ring)

@: lethally poisoned (-2 -> -52), about to teleport
A: small, carnivore
a: no special abilities


You were on level 5 of the Dungeon.
You were very full.

You visited 1 branch of the dungeon, and saw 5 of its levels.

You collected 315 gold pieces.

Inventory:

Hand Weapons
 a - a +2 dagger
 l - a +2 dagger of freezing (weapon)
Armour
 b - a +0 robe (worn)
Jewellery
 e - a ring of resist corrosion (left hand)
Wands
 m - a wand of disintegration (13)
Scrolls
 j - a scroll of teleportation
 n - a scroll of fog
Potions
 c - a potion of berserk rage
 f - 4 potions of curing
 g - a potion of mutation {unknown}
 h - 2 potions of brilliance
 i - a potion of heal wounds {unknown}
 k - a potion of flight {unknown}
 p - a potion of degeneration {unknown}
 q - a potion of lignification
Comestibles
 d - 10 rations
 o - 5 chunks of flesh


   Skills:
 * Level 10.8 Short Blades
 - Level 2.4 Dodging
 - Level 4.0 Stealth
 - Level 3.0 Spellcasting
 + Level 6.6 Hexes


You had 8 spell levels left.
You knew the following spells:

 Your Spells              Type           Power        Failure   Level  Hunger
a - Corona                Hex            ####...      1%          1    None
b - Ensorcelled Hibernat  Hex/Ice        ##....       7%          2    ##.....
c - Confusing Touch       Hex            ####....     3%          3    ###....

Your spell library contained the following spells:

 Spells                   Type           Power        Failure   Level  Hunger
 Tukima's Dance           Hex            ####....     3%          3    ###....
 Dazzling Flash           Conj/Hex       ##....       14%         3    ###....
 Silence                  Hex/Air        ##........   77%         5    ######.
 Darkness                 Hex            ####......   87%         6    #######
 Borgnjor's Vile Clutch   Necr/Erth      #.........   99%         5    ######.
 Shadow Creatures         Summ           N/A          100%        6    #######


Dungeon Overview and Level Annotations

Branches:
Dungeon (5/15)
 Temple: D:4-7

Altars:
Gozag
Nemelex Xobeh
Vehumet
Zin

Annotations:
D:3 1 runed translucent door, exclusion: 4 gnolls, whitenoisemaker's ghost, amateur DrFi
D:4 exclusion: ogre
D:5 Duvessa


Innate Abilities, Weirdness & Mutations

You are small and have problems with some larger weapons.
You are carnivorous and can eat meat at any time.


Message History

You hit Duvessa but do no damage.
You feel sick. Duvessa barely misses you.
As you read the scroll of teleportation, it crumbles to dust.
You feel strangely unstable.
You feel sick. Duvessa completely misses you.
You hit Duvessa but do no damage.
Duvessa appears confused.
You feel sick.
Duvessa hits you with a +0 short sword of venom.
You are more poisoned.
You barely miss Duvessa.
You feel sick.
Duvessa hits you with a +0 short sword of venom!
You are more poisoned.
You hit Duvessa but do no damage.
You feel sick. Duvessa misses you.
You hit Duvessa but do no damage.
* * * LOW HITPOINT WARNING * * *
You feel sick.
You barely miss Duvessa.
* * * LOW HITPOINT WARNING * * *
You feel sick.
Duvessa hits you with a +0 short sword of venom!
* * * LOW HITPOINT WARNING * * *
You are more poisoned.
You die...

...#.......# .... #.....#
...#.......####'###
#.....#
...#..............#
#.....#
...'..............#
#.....#
####..............#
#######
....#######.......#
....#.....#..)%...#
....#.....#.......#
....#.....#.....@.#####..
....'.....#..............
....#.############e......
...#### ....... ...#
....... ...# ......) ...#
....... ...# ....... ####
#######


You could see Duvessa (berserk).

Vanquished Creatures
  Edmund (D:5)
  2 sky beasts (D:5)
  An ice beast (D:5)
  2 ogres (D:5)
  A phantom (D:5)
  2 scorpions (D:5)
  Dowan (D:5)
  2 bullfrog zombies (D:5)
  2 orc priests
  A hound (D:4)
  A centaur skeleton (D:4)
  An iguana (D:4)
  An orc wizard (D:5)
  13 gnolls
  9 adders
  An adder zombie (D:5)
  An adder skeleton (D:4)
  3 worms
  3 dart slugs
  A leopard gecko (D:5)
  12 orcs
  6 bats
  5 giant cockroaches
  17 goblins
  11 hobgoblins
  13 jackals
  11 kobolds
  7 frilled lizards
  6 rats
137 creatures vanquished.

Vanquished Creatures (others)
  An adder (D:4)
1 creature vanquished.

Grand Total: 138 creatures vanquished

Notes
Turn   | Place    | Note
-------+----------+-------------------------------------------
     0 | D:1      | kae the Kobold Enchanter began the quest for the Orb.
     0 | D:1      | Reached XP level 1. HP: 10/10 MP: 3/3
   328 | D:1      | Reached skill level 2 in Short Blades
   328 | D:1      | Reached XP level 2. HP: 8/15 MP: 3/5
   482 | D:1      | Learned a level 2 spell: Ensorcelled Hibernation
  1091 | D:1      | Reached XP level 3. HP: 19/19 MP: 7/7
  1108 | D:1      | Learned a level 3 spell: Confusing Touch
  2551 | D:2      | Reached skill level 3 in Short Blades
  2590 | D:2      | You fall into a shaft and drop 1 floor!
  2806 | D:2      | Reached XP level 4. HP: 18/24 MP: 6/8
  3046 | D:2      | Found a glowing silver altar of Zin.
  3483 | D:2      | HP: 1/24 [gnoll/cursed -2 halberd (6)]
  3836 | D:2      | Reached skill level 4 in Short Blades
  4406 | D:2      | Found a sparkling altar of Nemelex Xobeh.
  4638 | D:3      | Reached XP level 5. HP: 28/28 MP: 4/9
  5115 | D:3      | Found a runed translucent door.
  5134 | D:3      | Reached skill level 5 in Short Blades
  5275 | D:3      | Noticed a bullfrog
  5392 | D:3      | Noticed whitenoisemaker's ghost (amateur DrFi)
  5532 | D:3      | Reached XP level 6. HP: 30/32 MP: 1/10
  5633 | D:3      | Found a faded altar of an unknown god.
  6242 | D:4      | Found a radiant altar of Vehumet.
  6267 | D:4      | Reached skill level 6 in Short Blades
  7210 | D:4      | Reached XP level 7. HP: 36/36 MP: 11/11
  7377 | D:4      | Reached skill level 7 in Short Blades
  7770 | D:5      | Entered Level 5 of the Dungeon
  7785 | D:5      | Reached skill level 5 in Hexes
  7944 | D:5      | Reached skill level 8 in Short Blades
  8317 | D:5      | Reached XP level 8. HP: 38/41 MP: 8/12
  8437 | D:5      | Found an opulent altar of Gozag.
  8445 | D:5      | Reached skill level 9 in Short Blades
  8857 | D:5      | Reached skill level 10 in Short Blades
  9300 | D:5      | Noticed Edmund
  9305 | D:5      | Noticed Dowan
  9309 | D:5      | Killed Edmund
  9311 | D:5      | Noticed Duvessa
  9314 | D:5      | Killed Dowan
  9314 | D:5      | Reached XP level 9. HP: 45/45 MP: 5/13
  9323 | D:5      | HP: 1/45 [Duvessa/+0 short sword of venom (9)]
  9324 | D:5      | Succumbed to Duvessa's poison

Levels and vault maps discovered:
D:1:      co_arrival_two_rings, layout_basic, minmay_misc_feat_doors
D:2:      layout_rooms, marbit_many_paths, lemuel_coloured_pillars_altar
D:3:      layout_loops_corners, first_ration, ebering_ghost_sewer_d,
          chequers_ecumenical_altar_simple
D:4:      corexii_shantytown, layout_basic, fiery_altar_vehumet
D:5:      layout_gridville, grunt_gozag_breadcrumbs, uniq_edmund, uniq_duvessa

Skill      XL: |  1  2  3  4  5  6  7  8 |
---------------+-------------------------+-----
Short Blades   | 2 3 4 5 6 8 10 | 10.8
Spellcasting   | 3 |  3.0
Hexes          | 4 5 6 |  6.6
Dodging        | |  2.4
Stealth        | |  4.0

Action                   |  1- 3 |  4- 6 |  7- 9 || total
-------------------------+-------+-------+-------++-------
Melee: Dagger            |   190 |   211 |    96 ||   497
 Cast: Corona            |    21 |     3 |     3 ||    27
       Ensorcelled Hiber |     8 |    47 |    32 ||    87
       Confusing Touch   |       |       |     6 ||     6
  Use: Scroll            |     1 |     6 |     3 ||    10
       Potion            |       |     2 |       ||     2
 Stab: Sleeping          |     6 |    44 |    20 ||    70
       Distracted        |     1 |     1 |       ||     2
       Confused          |       |       |     8 ||     8
  Eat: Chunk             |     8 |    24 |     8 ||    40
Armor: Robe              |    22 |    22 |     4 ||    48
       Skin              |       |    20 |       ||    20
Dodge: Dodged            |   145 |   121 |    43 ||   309

Table legend:
 A = Non-vault XP
 B = Vault XP
 C = Vault XP percentage of total XP
 D = Non-vault monster count
 E = Vault monster count
 F = Vault count percentage of total count
                 A         B        C        D         E       F
            +---------+---------+-------+---------+---------+-------
      Total |    1619 |     393 |  19.5 |     105 |      32 |  23.4
            +---------+---------+-------+---------+---------+-------
        D:1 |      44 |       0 |   0.0 |      26 |       0 |   0.0
        D:2 |      64 |      13 |  16.9 |      20 |       1 |   4.8
        D:3 |     159 |       0 |   0.0 |      22 |       0 |   0.0
        D:4 |     230 |     131 |  36.3 |      14 |      29 |  67.4
        D:5 |    1122 |     249 |  18.2 |      23 |       2 |   8.0
            +---------+---------+-------+---------+---------+-------
